 Dungeon Crawl Stone Soup version 0.28.0-45-g0d030f2227 (webtiles) character file.

Game seed: 13309368540138644840

2648 Hrothgar the Vandal (level 9, -2/59 HPs)
             Began as a Human Fighter on Apr 3, 2022.
             Was a Priest of Dithmenos.
             Killed from afar by a steam dragon (25 damage)
             ... with a ball of steam
             ... on level 7 of the Dungeon.
             The game lasted 00:52:53 (8658 turns).

Hrothgar the Vandal (Human Fighter)                 Turns: 8658, Time: 00:52:54

Health: -2/59      AC:  3    Str: 11 (12) XL:     9   Next: 93%
Magic:  5/12       EV: 12    Int: 20      God:    Dithmenos [***...]
Gold:   47         SH:  6    Dex: 20 (22) Spells: 3/12 levels left

rFire   . . .      SeeInvis .   l - +2 trident of Darkness {elec, *Slow rN++ Dex+6}
rCold   . . .      Faith    .   c - +0 buckler
rNeg    + + .      Spirit   .   a - +0 leather armour of the Storm King {rPois Str-4 Dex+2}
rPois   +          Reflect  .   (no helmet)
rElec   .          Harm     .   (no cloak)
rCorr   .          Rampage  .   (no gloves)
Will    +....                   (no boots)
Stlth   +++.......              (no amulet)
HPRegen 0.19/turn               h - ring of willpower
MPRegen 0.13/turn               j - +6 ring of intelligence

@: wreathed by umbra
A: clever 1, deterioration 1, frail 1, evolution 1
a: Renounce Religion, Shadow Step


You were on level 7 of the Dungeon.
You worshipped Dithmenos.
Dithmenos was most pleased with you.
You visited 1 branch of the dungeon, and saw 7 of its levels.
You also visited: Ossuary.

You collected 371 gold pieces.
You spent 324 gold pieces at shops.

Inventory:

Hand Weapons
 l - the +2 trident of Darkness (weapon) {elec, *Slow rN++ Dex+6}
   (You bought it in a shop on level 7 of the Dungeon)

   It occasionally discharges a powerful burst of electricity upon striking a
   foe.
   Dex:       It affects your dexterity (+6).
   rN:        It greatly protects you from negative energy.
   *Slow:     It may slow you when you take damage.
 p - the +7 hunting sling of Unieruy {venom, Int+4}
   (You found it on level 3 of the Dungeon)

   Any ammunition fired from it poisons the flesh of those it strikes.
   Int:       It affects your intelligence (+4).
Missiles
 e - 5 poisoned darts (quivered)
 n - 46 bolts
 w - 8 sling bullets
Armour
 a - the +0 leather armour of the Storm King (worn) {rPois Str-4 Dex+2}
   (You found it on level 7 of the Dungeon)

   Str:       It affects your strength (-4).
   Dex:       It affects your dexterity (+2).
   rPois:     It protects you from poison.
 c - a +0 buckler (worn)
 m - the +2 robe "Kinodd" {Str+2 Stlth+}
   (You found it on level 2 of the Dungeon)

   Str:       It affects your strength (+2).
   Stlth:     It makes you more stealthy.
Jewellery
 h - a ring of willpower (left hand)
 j - a +6 ring of intelligence (right hand)
Wands
 f - a wand of acid (2)
 s - a wand of paralysis (9)
Scrolls
 b - a scroll of summoning
 o - 2 scrolls of amnesia
 q - 3 scrolls of fog
 r - 2 scrolls of teleportation
 x - a scroll of immolation
 y - a scroll of torment {unknown}
Potions
 d - 2 potions of might
 g - 4 potions of heal wounds {unknown}
 i - 3 potions of brilliance
 k - 4 potions of attraction
 t - 2 potions of invisibility
 u - a potion of haste
 v - a potion of magic
 z - 2 potions of cancellation
 A - a potion of ambrosia {unknown}
 B - 2 potions of resistance {unknown}


   Skills:
 * Level 4.3 Fighting
 * Level 2.5(3.6) Short Blades
 * Level 4.0(4.4) Long Blades
 * Level 1.0 Polearms
 * Level 4.9(5.2) Slings
 * Level 2.4(4.0) Throwing
 * Level 4.5 Armour
 * Level 3.2 Dodging
 * Level 3.1 Stealth
 * Level 4.1 Shields
 * Level 2.4 Spellcasting
 * Level 1.8 Conjurations
 * Level 2.3 Hexes
 * Level 0.7 Transmutations
 * Level 1.9 Fire Magic
 * Level 2.2 Ice Magic
 * Level 0.7 Poison Magic
 * Level 3.2 Invocations
 * Level 2.0 Evocations


You had 3 spell levels left.
You knew the following spells:

 Your Spells              Type           Power      Damage    Failure   Level
a - Ensorcelled Hibernat  Hex/Ice        22%        N/A       14%         2
b - Searing Ray           Conj           18%        2d5       19%         2
c - Scorch                Fire           20%        2d6       17%         2
d - Spider Form           Tmut/Pois      5%         N/A       50%         3

Your spell library contained the following spells:

 Spells                   Type           Power      Damage    Failure   Level
 Magic Dart               Conj           36%        1d4       12%         1
 Ozocubu's Armour         Ice            11%        N/A       30%         3
 Fulminant Prism          Conj/Hex       5%         3d7       71%         4
 Flame Wave               Conj/Fire      9%         2d5       75%         4
 Anguish                  Hex/Necr       3%         N/A       83%         4
 Metabolic Englaciation   Hex/Ice        5%         N/A       95%         5
 Iskenderun's Battlesphe  Conj           9%         2d6       97%         5
 Iron Shot                Conj/Erth      3%         9d2       100%        6
 Simulacrum               Ice/Necr       3%         N/A       100%        6
 Summon Cactus Giant      Summ           1%         N/A       100%        6
 Ozocubu's Refrigeration  Ice            5%         4d6       100%        7
 Spellforged Servitor     Conj/Summ      3%         N/A       100%        7
 Chain Lightning          Conj/Air       3%         3d4       100%        9
 Fire Storm               Conj/Fire      4%         8d1       100%        9
 Shatter                  Erth           1%         3d5*      100%        9


Dungeon Overview and Level Annotations

Branches:
Dungeon (7/15)             Temple (0/1) D:5         Ossuary (visited)

Altars:
Cheibriados
Dithmenos
Gozag
Hepliaklqana
Kikubaaqudgha
Vehumet
Zin

Shops:
D:7 (**:*


Innate Abilities, Weirdness & Mutations

Your mind is acute. (Int +2)
Your body sometimes deteriorates upon taking damage.
You are frail. (-10% HP)
You have hidden genetic potential.


Message History

The steam dragon bites you but does no damage.
The steam dragon barely misses you.
Cast which spell? (? or * to list) Flames lash the steam dragon but do no damage.
The steam dragon bites you but does no damage.
The steam dragon barely misses you.
Casting: Scorch (safe; 17% risk of failure)
Confirm with . or Enter, or press ? or * to list all spells.
Flames lash the steam dragon but do no damage.
The steam dragon breathes steam at you. The ball of steam misses you.
Casting: Scorch (safe; 17% risk of failure)
Confirm with . or Enter, or press ? or * to list all spells.
Aiming: Searing Ray (safe; 19% risk of failure)
Press: ? - help, Shift-Dir - straight line, f/p - steam dragon
Aim: a steam dragon (steam, lightly wounded, very poisoned, catching its breath, umbra, 76% to hit)
The searing ray hits the steam dragon.
The steam dragon is moderately wounded. (Press . to maintain the ray.)
You are engulfed in a cloud of scalding steam.
The steam dragon bites you! The steam dragon barely misses you.
The searing ray hits the steam dragon.
The steam dragon is moderately wounded.
You are engulfed in a cloud of scalding steam.
The steam dragon misses you. You block the steam dragon's attack.
The searing ray hits the steam dragon but does no damage.
The steam dragon is moderately wounded.
You are engulfed in a cloud of scalding steam.
The steam dragon bites you. The steam dragon closely misses you.
Blink to where?
Press: ? - help, Dir - move target, p - steam dragon
As you read the scroll of blinking, it crumbles to dust.
Throw: 6 darts (poison)
Press: ? - help, Q - select action, (/) - cycle Shift-Dir - straight line, f - steam dragon
Aim: a steam dragon (heavily wounded, poisoned, 66% to hit)
You throw a poisoned dart.
The poisoned dart barely misses the steam dragon.
The steam dragon breathes steam at you. The ball of steam hits you!!
You die...

(..######.# ...##...#.#
...##.#.#.# ## ...(..#.#.# #.
.#....#.#D# #. ..#..[#.#.# ##.
####..#.#.# #..
..#...#<#.#####################..
.#....#.#(.D..§§@................
......##########################.
#................##############.#
#.###.#####.∩....................
#.#∩......#.#...................#
#.#.#.....#.#...........[######.#
#.#.#######.#..#.######.......#.#
#.#.......#.#..............<#.#.#
#.#######.#.#.##.############ #.#


There were no monsters in sight!

Vanquished Creatures
  2 water moccasins (D:7)
  3 orc warriors
  An ice beast (D:7)
  A hornet zombie (D:7)
  An ogre (D:4)
  2 centaurs
  4 phantoms
  A kobold brigand (D:6)
  Blork the orc (D:4)
  2 elf zombies (Ossuary)
  2 scorpions
  A gnoll sergeant (D:7)
  4 centaur zombies
  A gnoll shaman (D:3)
  A human zombie (Ossuary)
  2 jellies (D:6)
  An orc priest (D:7)
  A bullfrog skeleton (D:4)
  2 iguanas
  4 orc wizards
  A killer bee zombie (D:6)
  2 mummies (Ossuary)
  2 howler monkey zombies (D:7)
  10 gnolls
  8 adders
  A worm zombie (D:5)
  3 worms (D:2)
  2 dart slugs (D:2)
  16 orcs
  3 ball pythons
  5 endoplasms
  3 giant cockroaches
  4 goblins
  7 hobgoblins
  12 kobolds
  5 quokkas
  2 bats (D:3)
  3 frilled lizards
  8 hobgoblin zombies (Ossuary)
  14 kobold zombies (Ossuary)
  7 orc zombies (Ossuary)
  3 rats
  2 rat zombies (Ossuary)
160 creatures vanquished.

Vanquished Creatures (collateral kills)
  A water moccasin (D:6)
  A phantom (D:6)
2 creatures vanquished.

Vanquished Creatures (others)
  48 plants (D:3)
  4 toadstools (D:3)
52 creatures vanquished.

Grand Total: 214 creatures vanquished

Notes
Turn   | Place    | Note
-------+----------+-------------------------------------------
     0 | D:1      | Hrothgar the Human Fighter began the quest for the Orb.
     0 | D:1      | Reached XP level 1. HP: 18/18 MP: 1/1
   331 | D:1      | Reached XP level 2. HP: 24/24 MP: 2/2
   554 | D:1      | Found a faded altar of an unknown god.
   695 | D:1      | Prayed at the altar of an unknown god.
   695 | D:1      | Became a worshipper of Dithmenos the Shadowed
   695 | D:1      | Reached * piety under Dithmenos
   901 | D:2      | Reached XP level 3. HP: 26/29 MP: 3/3
  1173 | D:2      | Identified the +2 robe "Kinodd" {Str+2 Stlth+}
  1225 | D:2      | Reached skill level 1 in Slings
  1225 | D:2      | Reached XP level 4. HP: 25/35 MP: 4/4
  1921 | D:3      | Reached ** piety under Dithmenos
  1953 | D:3      | Found a hazy altar of Hepliaklqana.
  2018 | D:3      | Reached skill level 1 in Dodging
  2037 | D:3      | Identified the +7 hunting sling of Unieruy {venom, Int+4}
  2048 | D:3      | Learned a level 2 spell: Ensorcelled Hibernation
  2121 | D:3      | Found a glowing silver altar of Zin.
  2121 | D:3      | Noticed an angel
  2287 | D:3      | Found a radiant altar of Vehumet.
  2333 | D:3      | Reached XP level 5. HP: 41/41 MP: 5/5
  2408 | D:3      | Reached skill level 1 in Stealth
  2755 | D:4      | Reached skill level 1 in Short Blades
  2755 | D:4      | Reached XP level 6. HP: 47/47 MP: 6/6
  2829 | D:4      | Learned a level 2 spell: Searing Ray
  2831 | D:4      | Noticed an ogre
  2836 | D:4      | Killed an ogre
  2837 | D:4      | Reached skill level 1 in Invocations
  2873 | D:4      | Reached XP level 7. HP: 52/52 MP: 4/8
  3017 | D:4      | Noticed Blork the orc
  3026 | D:4      | Killed Blork the orc
  3027 | D:4      | Reached skill level 1 in Throwing
  3027 | D:4      | Reached skill level 1 in Spellcasting
  3203 | D:4      | Learned a level 2 spell: Scorch
  3364 | D:5      | Entered Level 5 of the Dungeon
  3405 | D:5      | Found a staircase to the Ecumenical Temple.
  3455 | D:5      | Found a sand-covered staircase.
  3470 | Ossuary  | Entered an ossuary
  3662 | Ossuary  | Reached *** piety under Dithmenos
  3748 | Ossuary  | Reached skill level 1 in Ice Magic
  3766 | Ossuary  | Reached skill level 1 in Hexes
  4029 | Ossuary  | Reached XP level 8. HP: 50/60 MP: 1/9
  5195 | D:5      | Reached skill level 1 in Evocations
  5828 | D:6      | Reached XP level 9. HP: 54/65 MP: 11/11
  5895 | D:6      | Reached skill level 1 in Conjurations
  6261 | D:6      | Learned a level 3 spell: Spider Form
  6304 | D:6      | Reached skill level 1 in Fire Magic
  6334 | D:6      | Gained mutation: Your body sometimes deteriorates upon
                  | taking damage. [potion of mutation]
  6334 | D:6      | Gained mutation: You are frail. (-10% HP) [potion of
                  | mutation]
  6334 | D:6      | Gained mutation: You have hidden genetic potential. [potion
                  | of mutation]
  6334 | D:6      | Gained mutation: Your mind is acute. (Int +2) [potion of
                  | mutation]
  6924 | D:7      | Found an ancient bone altar of Kikubaaqudgha.
  6924 | D:7      | Found an opulent altar of Gozag.
  6925 | D:7      | Found a snail-covered altar of Cheibriados.
  6969 | D:7      | Found Reytzax's Antique Weapon Shop.
  7185 | D:7      | Bought a steaming trident for 272 gold pieces
  7185 | D:7      | Identified the +2 trident of Darkness {elec, *Slow rN++
                  | Dex+6} (You bought it in a shop on level 7 of the Dungeon)
  7219 | D:7      | Identified the +0 leather armour of the Storm King {rPois
                  | Str-4 Dex+2}
  7252 | D:7      | Found Omiteoso's Book Shop.
  7305 | D:7      | Reached **** piety under Dithmenos
  7460 | D:7      | HP: 1/58 [gnoll/+0 spear (7)]
  7840 | D:7      | Found Utenelet's Assorted Antiques.
  7854 | D:7      | Found Viclad's General Store.
  7860 | D:7      | Bought a scroll of identify for 26 gold pieces
  8201 | D:7      | Found Tisteg's Assorted Antiques.
  8208 | D:7      | Bought a scroll labelled EPRUREDYASI for 26 gold pieces
  8290 | D:7      | Reached skill level 1 in Polearms
  8658 | D:7      | Killed from afar by a steam dragon

Illustrated notes

Levels and vault maps discovered:
D:1:      saegor_arrival_fortress, layout_loops_ring,
          dreamdust_ecumenical_altar_angels_and_demons
D:2:      layout_basic, corner_web_ring, minmay_pentomino_pile
D:3:      layout_loops_cross, zin_angel, mainiacjoe_overflow_catch_the_wave,
          minmay_gold_behind_fungi
D:4:      layout_rooms, uniq_blork_the_orc
D:5:      layout_loops_cross, minmay_temple_entry_statues_fountains,
          enter_ossuary_3
D:6:      layout_loops_ring
D:7:      layout_basic, gammafunk_temple_overflow_forgotten, serial_shops,
          kennysheep_little_box, nicolae_shop_advertising_works
          [nicolae_subvault_shop_adworks], shop, shop, shop

Skill      XL: |  1  2  3  4  5  6  7  8  9 |
---------------+----------------------------+-----
Slings         | 1 2 3 4 |  4.9
Dodging        | 1 2 3 |  3.2
Stealth        | 1 2 3 |  3.1
Short Blades   | 1 2 |  2.5
Long Blades    | 3 4 |  4.0
Invocations    | 1 2 3 |  3.2
Throwing       | 1 2 |  2.4
Spellcasting   | 1 2 |  2.4
Ice Magic      | 1 2 |  2.2
Hexes          | 1 2 |  2.3
Armour         | 4 |  4.5
Evocations     | 1 2 |  2.0
Fighting       | 4 |  4.3
Conjurations   | 1 |  1.8
Fire Magic     | 1 |  1.9
Shields        | 4 |  4.1
Polearms       | 1 |  1.0
Transmutations | |  0.7
Poison Magic   | |  0.7

Action                   |  1- 3 |  4- 6 |  7- 9 || total
-------------------------+-------+-------+-------++-------
Melee: Long sword        |    38 |    49 |   113 ||   200
       Dagger            |     9 |       |       ||     9
       Trident           |       |       |    36 ||    36
 Fire: Hunting sling     |    38 |    55 |   129 ||   222
Throw: Dart              |       |     4 |    18 ||    22
 Cast: Searing Ray       |       |     1 |    14 ||    15
       Scorch            |       |       |    31 ||    31
Invok: Shadow Step       |       |     1 |     1 ||     2
Evoke: Wand              |       |       |    14 ||    14
  Use: Scroll            |     6 |     1 |    14 ||    21
       Potion            |       |     2 |     5 ||     7
 Stab: Paralysed         |       |       |     3 ||     3
Armor: Scale mail        |    13 |       |       ||    13
       Robe              |       |    19 |    42 ||    61
       Leather armour    |       |       |     9 ||     9
Dodge: Dodged            |    26 |    29 |   133 ||   188
Block: Buckler           |    11 |    14 |    52 ||    77
